| TOP OF THE 1ST |
|
Toronto Blue Jays batting - Pitching for New York Yankees : RHP John Brice
|
|
Pitching: RHP John Brice
|
|
|
Batting: RHB Danny Burnside
|
0-0: Called Strike 0-1: Ball 1-1: Ball 2-1: Swinging Strike 2-2: Strikes out looking
|
|
Batting: LHB Jon Schick
|
0-0: Ball 1-0: Ball 2-0: Called Strike 2-1: Ball 3-1: Foul Ball, location: 2F 3-2: Base on Balls
|
|
Batting: SHB Zory Larikov
|
0-0: Called Strike Jon Schick steals 2nd base (no throw) 0-1: Ball 1-1: Swinging Strike 1-2: Ball 2-2: Ball 3-2: Base on Balls
|
|
Batting: RHB Kirk Arp
|
0-0: Fly out, F9 (Flyball, 9S, EV 86.2 MPH)
|
|
Batting: LHB Jody Hudson
|
0-0: Called Strike 0-1: Ball 1-1: Foul Ball, location: 2F 1-2: Foul Ball, location: 2F 1-2: Ball 2-2: 3-RUN HOME RUN (Flyball, 7D, EV 107.5 MPH), Distance : 417 ft
|
|
Batting: LHB Jesus Romero
|
0-0: Ball 1-0: Called Strike 1-1: Ground out 4-3 (Groundball, 4, EV 93.8 MPH)
|
| Top of the 1st over - 3 runs, 1 hit, 0 errors, 0 left on base; Toronto 3 - New York 0 |
| BOTTOM OF THE 1ST |
|
New York Yankees batting - Pitching for Toronto Blue Jays : LHP Katsumi Omura
|
|
Pitching: LHP Katsumi Omura
|
|
|
Batting: LHB Jordan de Jesus
|
0-0: Ball 1-0: Foul Ball, location: 2F 1-1: Ball 2-1: Foul Ball, location: 2F 2-2: Foul Ball, location: 2F 2-2: Ball 3-2: Strikes out swinging
|
|
Batting: RHB Sean Neuroth
|
0-0: Called Strike 0-1: Ball 1-1: Foul Ball, location: 2F 1-2: Ball 2-2: Strikes out looking
|
|
Batting: SHB Bartholomeu Chambino
|
0-0: SINGLE (Flyball, 4D, EV 96.2 MPH)
|
|
Batting: RHB Kai Bellow
|
0-0: Ball 1-0: Foul Ball, location: 2F 1-1: Foul Ball, location: 2F 1-2: Ball 2-2: Foul Ball, location: 2F 2-2: Ball 3-2: Strikes out swinging
|
| Bottom of the 1st over - 0 runs, 1 hit, 0 errors, 1 left on base; Toronto 3 - New York 0 |
| TOP OF THE 2ND |
|
Toronto Blue Jays batting - Pitching for New York Yankees : RHP John Brice
|
|
Batting: LHB Isto Mäyrä
|
0-0: Fly out, F7 (Line Drive, 7, EV 92.5 MPH)
|
|
Batting: RHB Tommy Mize
|
0-0: Called Strike 0-1: Fly out, F7 (Flyball, 7, EV 75.0 MPH)
|
|
Batting: RHB Danny Heyer
|
0-0: Ball 1-0: SINGLE (Groundball, 6MD, EV 110.0 MPH)
|
|
Batting: RHB Danny Burnside
|
0-0: Foul Ball, location: 2F 0-1: Ball 1-1: Ball 2-1: Bunt for hit to 13S - play at first, batter OUT! 1-3
|
| Top of the 2nd over - 0 runs, 1 hit, 0 errors, 1 left on base; Toronto 3 - New York 0 |
| BOTTOM OF THE 2ND |
|
New York Yankees batting - Pitching for Toronto Blue Jays : LHP Katsumi Omura
|
|
Batting: LHB Alejandro Soriano
|
0-0: Ball 1-0: Ball 2-0: Ball 3-0: Base on Balls
|
|
Batting: SHB Billy Durham
|
0-0: Called Strike 0-1: Ball 1-1: Ball 2-1: Swinging Strike 2-2: Grounds into double play, 3-6-1 (Groundball, 3, EV 89.4 MPH)
|
|
Batting: LHB Yao-pang Tien
|
0-0: Ball 1-0: Foul Ball, location: 2F 1-1: Ball 2-1: Ball 3-1: Base on Balls
|
|
Batting: LHB Brad Ritter
|
0-0: Fly out, F5 (Line Drive, 5L, EV 87.5 MPH)
|
| Bottom of the 2nd over - 0 runs, 0 hits, 0 errors, 1 left on base; Toronto 3 - New York 0 |
| TOP OF THE 3RD |
|
Toronto Blue Jays batting - Pitching for New York Yankees : RHP John Brice
|
|
Batting: LHB Jon Schick
|
0-0: Swinging Strike 0-1: Swinging Strike 0-2: Strikes out swinging
|
|
Batting: SHB Zory Larikov
|
0-0: Ground out 6-3 (Groundball, 6M, EV 101.9 MPH)
|
|
Batting: RHB Kirk Arp
|
0-0: Ball 1-0: Ball 2-0: Ball 3-0: Base on Balls
|
|
Batting: LHB Jody Hudson
|
0-0: Ball 1-0: Ball Kirk Arp steals 2nd base 2-0: Swinging Strike 2-1: Foul Ball, location: 2F 2-2: Strikes out swinging
|
| Top of the 3rd over - 0 runs, 0 hits, 0 errors, 1 left on base; Toronto 3 - New York 0 |
| BOTTOM OF THE 3RD |
|
New York Yankees batting - Pitching for Toronto Blue Jays : LHP Katsumi Omura
|
|
Batting: RHB Russ Shambaugh
|
0-0: Ball 1-0: Called Strike 1-1: Foul Ball, location: 2F 1-2: Ball 2-2: Strikes out swinging
|
|
Batting: LHB Jordan de Jesus
|
0-0: Called Strike 0-1: Foul Ball, location: 2F 0-2: Ball 1-2: Strikes out swinging
|
|
Batting: RHB Sean Neuroth
|
0-0: Ground out 6-3 (Groundball, 6, EV 83.1 MPH)
|
| Bottom of the 3rd over - 0 runs, 0 hits, 0 errors, 0 left on base; Toronto 3 - New York 0 |
| TOP OF THE 4TH |
|
Toronto Blue Jays batting - Pitching for New York Yankees : RHP John Brice
|
|
Batting: LHB Jesus Romero
|
0-0: Ball 1-0: Ball 2-0: SOLO HOME RUN (Flyball, 8RXD, EV 115.6 MPH), Distance : 461 ft
|
|
Pitching: LHP David Ibarra
|
|
|
Batting: LHB Isto Mäyrä
|
0-0: DOUBLE (Flyball, 7LD, EV 98.8 MPH)
|
|
Batting: RHB Tommy Mize
|
0-0: Called Strike 0-1: Swinging Strike 0-2: Ball 1-2: Ball 2-2: Fly out, F6 (Line Drive, 6, EV 63.8 MPH)
|
|
Batting: RHB Danny Heyer
|
0-0: Ball 1-0: Foul Ball, location: 2F 1-1: Swinging Strike 1-2: Ball 2-2: Foul Ball, location: 2F 2-2: Ground out 6-3 (Groundball, 6, EV 100.0 MPH)
|
|
Batting: RHB Danny Burnside
|
0-0: Called Strike 0-1: Foul Ball, location: 2F 0-2: Ball 1-2: Ball 2-2: Strikes out swinging
|
| Top of the 4th over - 1 run, 2 hits, 0 errors, 1 left on base; Toronto 4 - New York 0 |
| BOTTOM OF THE 4TH |
|
New York Yankees batting - Pitching for Toronto Blue Jays : LHP Katsumi Omura
|
|
Batting: SHB Bartholomeu Chambino
|
0-0: Called Strike 0-1: Foul Ball, location: 2F 0-2: Strikes out swinging
|
|
Batting: RHB Kai Bellow
|
0-0: Ball 1-0: SINGLE (Flyball, 89S, EV 95.6 MPH)
|
|
Batting: LHB Alejandro Soriano
|
0-0: Ball 1-0: Foul Ball, location: 2F 1-1: Ball 2-1: Ball 3-1: Swinging Strike 3-2: Strikes out swinging
|
|
Batting: SHB Billy Durham
|
0-0: Ball 1-0: Foul Ball, location: 2F 1-1: Ball 2-1: Ball 3-1: Foul Ball, location: 2F 3-2: Strikes out swinging
|
| Bottom of the 4th over - 0 runs, 1 hit, 0 errors, 1 left on base; Toronto 4 - New York 0 |
| TOP OF THE 5TH |
|
Toronto Blue Jays batting - Pitching for New York Yankees : LHP David Ibarra
|
|
Batting: LHB Jon Schick
|
0-0: Ground out 6-3 (Groundball, 6M, EV 85.6 MPH)
|
|
Batting: SHB Zory Larikov
|
0-0: Called Strike 0-1: Foul Ball, location: 2F 0-2: Foul Ball, location: 2F 0-2: Ball 1-2: Foul Ball, location: 2F 1-2: Foul Ball, location: 2F 1-2: Foul Ball, location: 2F 1-2: Strikes out swinging
|
|
Batting: RHB Kirk Arp
|
0-0: Ball 1-0: Foul Ball, location: 2F 1-1: Ground out 6-3 (Groundball, 6, EV 81.9 MPH)
|
| Top of the 5th over - 0 runs, 0 hits, 0 errors, 0 left on base; Toronto 4 - New York 0 |
| BOTTOM OF THE 5TH |
|
New York Yankees batting - Pitching for Toronto Blue Jays : LHP Katsumi Omura
|
|
Pitching: RHP John Mathis
|
|
|
Batting: LHB Yao-pang Tien
|
0-0: Ball 1-0: Swinging Strike 1-1: Foul Ball, location: 2F 1-2: Ball 2-2: Foul Ball, location: 2F 2-2: Ball 3-2: Strikes out swinging
|
|
Batting: LHB Brad Ritter
|
0-0: Fly out, F8 (Line Drive, 8LD, EV 98.8 MPH)
|
|
Batting: RHB Russ Shambaugh
|
0-0: Called Strike 0-1: Ball 1-1: Ball 2-1: Called Strike 2-2: Foul Ball, location: 2F 2-2: Strikes out swinging
|
| Bottom of the 5th over - 0 runs, 0 hits, 0 errors, 0 left on base; Toronto 4 - New York 0 |
| TOP OF THE 6TH |
|
Toronto Blue Jays batting - Pitching for New York Yankees : LHP David Ibarra
|
|
Batting: LHB Jody Hudson
|
0-0: Foul Ball, location: 2F 0-1: Ball 1-1: Foul Ball, location: 2F 1-2: Ball 2-2: Ball 3-2: Base on Balls
|
|
Batting: LHB Jesus Romero
|
0-0: Ball 1-0: Ball 2-0: Swinging Strike 2-1: Called Strike 2-2: Strikes out looking
|
|
Batting: LHB Isto Mäyrä
|
0-0: Grounds into double play, 6-4-3 (Groundball, 6M, EV 104.4 MPH)
|
| Top of the 6th over - 0 runs, 0 hits, 0 errors, 0 left on base; Toronto 4 - New York 0 |
| BOTTOM OF THE 6TH |
|
New York Yankees batting - Pitching for Toronto Blue Jays : RHP John Mathis
|
|
Batting: LHB Jordan de Jesus
|
0-0: Ball 1-0: Foul Ball, location: 2F 1-1: Ground out 5-3 (Groundball, 56S, EV 87.5 MPH)
|
|
Batting: RHB Sean Neuroth
|
0-0: Ball 1-0: Ball 2-0: Ball 3-0: Base on Balls
|
|
Batting: SHB Bartholomeu Chambino
|
0-0: Ball Sean Neuroth steals 2nd base (no throw) 1-0: Ball 2-0: Ball 3-0: Base on Balls
|
|
Batting: RHB Kai Bellow
|
0-0: Foul Ball, location: 2F 0-1: Swinging Strike 0-2: Foul Ball, location: 2F 0-2: Foul Ball, location: 2F 0-2: Ball 1-2: Strikes out swinging
|
|
Pitching: RHP Jaime Salazar
|
|
|
Batting: LHB Alejandro Soriano
|
0-0: Ball 1-0: Ball 2-0: Ball 3-0: Called Strike 3-1: Base on Balls Sean Neuroth to third Bartholomeu Chambino to second
|
|
Batting: SHB Billy Durham
|
0-0: Ground out 6-3 (Groundball, 6S, EV 80.6 MPH)
|
| Bottom of the 6th over - 0 runs, 0 hits, 0 errors, 3 left on base; Toronto 4 - New York 0 |
| TOP OF THE 7TH |
|
Toronto Blue Jays batting - Pitching for New York Yankees : LHP David Ibarra
|
|
Pitching: RHP Dave Barry
|
|
|
Pinch Hitting: LHB Josh Stuck
|
0-0: Foul Ball, location: 2F 0-1: Foul Ball, location: 2F 0-2: Strikes out looking
|
|
Batting: RHB Danny Heyer
|
0-0: Ball 1-0: Foul Ball, location: 2F 1-1: Ball 2-1: Ball 3-1: Called Strike 3-2: Foul Ball, location: 2F 3-2: Foul Ball, location: 2F 3-2: Foul Ball, location: 2F 3-2: Foul Ball, location: 2F 3-2: Foul Ball, location: 2F 3-2: TRIPLE (Flyball, 9LD, EV 113.1 MPH)
|
|
Batting: RHB Danny Burnside
|
0-0: Ball 1-0: Foul Ball, location: 2F 1-1: Ball Wild Pitch! Danny Heyer scores 2-1: Ball 3-1: Base on Balls
|
|
Batting: LHB Jon Schick
|
0-0: Called Strike 0-1: Foul Ball, location: 2F 0-2: Ball Danny Burnside steals 2nd base 1-2: Strikes out swinging
|
|
Pinch Hitting: SHB Dylan Novakowski
|
0-0: Ball 1-0: Foul Ball, location: 2F 1-1: Foul Ball, location: 2F 1-2: Ball 2-2: SINGLE (Groundball, 4MD, EV 101.2 MPH) Danny Burnside to third
|
|
Pitching: RHP Kyle Johnson
|
|
|
Pinch Hitting: LHB Sam Dowdy
|
0-0: Foul Ball, location: 2F 0-1: Swinging Strike 0-2: Foul Ball, location: 2F 0-2: Ball 1-2: Foul Ball, location: 2F 1-2: Strikes out swinging
|
| Top of the 7th over - 1 run, 2 hits, 0 errors, 2 left on base; Toronto 5 - New York 0 |
| BOTTOM OF THE 7TH |
|
New York Yankees batting - Pitching for Toronto Blue Jays : RHP Jaime Salazar
|
|
Now at C: Dylan Novakowski
|
|
|
Now at 2B: Sam Dowdy
|
|
|
Now at 3B: Jerry Jauregui
|
|
|
Batting: LHB Yao-pang Tien
|
0-0: SOLO HOME RUN (Flyball, 78XD, EV 109.4 MPH), Distance : 433 ft
|
|
Batting: LHB Brad Ritter
|
0-0: Called Strike 0-1: Ball 1-1: Foul Ball, location: 2F 1-2: Fly out, F8 (Flyball, 89XD, EV 89.4 MPH)
|
|
Pinch Hitting: LHB Jason Peck
|
0-0: Ball 1-0: Ball 2-0: Foul Ball, location: 2F 2-1: Ball 3-1: Called Strike 3-2: Foul Ball, location: 2F 3-2: Fly out, F8 (Flyball, 8LXD, EV 107.5 MPH)
|
|
Batting: LHB Jordan de Jesus
|
0-0: Called Strike 0-1: Foul Ball, location: 2F 0-2: Foul Ball, location: 2F 0-2: Foul Ball, location: 2F 0-2: Ball 1-2: Ball 2-2: Foul Ball, location: 2F 2-2: Ball 3-2: Strikes out swinging
|
| Bottom of the 7th over - 1 run, 1 hit, 0 errors, 0 left on base; Toronto 5 - New York 1 |
| TOP OF THE 8TH |
|
Toronto Blue Jays batting - Pitching for New York Yankees : RHP Kyle Johnson
|
|
Now at SS: Jason Peck
|
|
|
Now in CF: Alejandro Soriano
|
|
|
Now in RF: Jordan de Jesus
|
|
|
Pinch Hitting: RHB Ryan Kinkead
|
0-0: Ball 1-0: Ball 2-0: Called Strike 2-1: Ball 3-1: Foul Ball, location: 2F 3-2: Foul Ball, location: 2F 3-2: Foul Ball, location: 2F 3-2: Foul Ball, location: 2F 3-2: Fly out, F9 (Flyball, 9LM, EV 80.6 MPH)
|
|
Batting: LHB Yoshinari Nara
|
0-0: Fly out, F7 (Flyball, 78M, EV 85.6 MPH)
|
|
Pinch Hitting: LHB Jack Bell
|
0-0: Called Strike 0-1: Ball 1-1: Ball 2-1: Foul Ball, location: 2F 2-2: Ball 3-2: Foul Ball, location: 2F 3-2: Base on Balls
|
|
Batting: RHB Jerry Jauregui
|
0-0: Ball 1-0: Swinging Strike 1-1: Fly out, F4 (Flyball, 4D, EV 84.4 MPH)
|
| Top of the 8th over - 0 runs, 0 hits, 0 errors, 1 left on base; Toronto 5 - New York 1 |
| BOTTOM OF THE 8TH |
|
New York Yankees batting - Pitching for Toronto Blue Jays : RHP Jaime Salazar
|
|
Pitching: RHP Young-ghil Sohn
|
|
|
Now at 1B: Ryan Kinkead
|
|
|
Now in LF: Jon Schick
|
|
|
Now in CF: Jack Bell
|
|
|
Pinch Hitting: RHB C.J. Richerson
|
0-0: Ball 1-0: SINGLE (Groundball, 6MS, EV 72.5 MPH) (infield hit)
|
|
Pinch Hitting: RHB Scott King
|
0-0: Fly out, F9 (Flyball, 89D, EV 101.9 MPH)
|
|
Pinch Hitting: LHB Kazuyoshi Nakamura
|
0-0: Foul Ball, location: 2F 0-1: Ball 1-1: Foul Ball, location: 2F 1-2: Ball 2-2: Ball 3-2: Base on Balls C.J. Richerson to second
|
|
Pinch Hitting: RHB Sam Saunders
|
0-0: Ball 1-0: Swinging Strike 1-1: Swinging Strike 1-2: Strikes out swinging
|
|
Batting: LHB Jim Skare
|
0-0: Ball 1-0: Swinging Strike 1-1: Foul Ball, location: 2F 1-2: Ball 2-2: Ball 3-2: Fly out, F7 (Line Drive, 7LS, EV 86.9 MPH)
|
| Bottom of the 8th over - 0 runs, 1 hit, 0 errors, 2 left on base; Toronto 5 - New York 1 |
| TOP OF THE 9TH |
|
Toronto Blue Jays batting - Pitching for New York Yankees : RHP Kyle Johnson
|
|
Now at 1B: Jordan de Jesus
|
|
|
Now at 2B: C.J. Richerson
|
|
|
Now at 3B: Scott King
|
|
|
Now in CF: Sam Saunders
|
|
|
Now in RF: Kazuyoshi Nakamura
|
|
|
Pinch Hitting: LHB Michael Byrd
|
0-0: Called Strike 0-1: DOUBLE (Flyball, 8LD, EV 99.4 MPH)
|
|
Batting: RHB Danny Burnside
|
0-0: Fly out, F9 (Flyball, 89M, EV 78.8 MPH)
|
|
Batting: LHB Jon Schick
|
0-0: Intentional Walk
|
|
Batting: SHB Dylan Novakowski
|
0-0: Foul Ball, location: 2F 0-1: Fly out, F9 (Flyball, 9, EV 90.0 MPH)
|
|
Batting: LHB Sam Dowdy
|
0-0: Called Strike 0-1: Ball 1-1: Foul Ball, location: 2F 1-2: Strikes out looking
|
| Top of the 9th over - 0 runs, 1 hit, 0 errors, 2 left on base; Toronto 5 - New York 1 |
| BOTTOM OF THE 9TH |
|
New York Yankees batting - Pitching for Toronto Blue Jays : RHP Young-ghil Sohn
|
|
Now at SS: Michael Byrd
|
|
|
Pinch Hitting: LHB Evan Torraville
|
0-0: Ground out 4-3 (Groundball, 4, EV 91.2 MPH)
|
|
Pinch Hitting: RHB Geni Prawiranega
|
0-0: SINGLE (Groundball, 4M, EV 104.4 MPH) (infield hit)
|
|
Batting: LHB Jason Peck
|
0-0: Swinging Strike 0-1: Ball 1-1: Ball 2-1: Fielders Choice at 2nd, 3-6 (Groundball, 34S, EV 86.9 MPH)
|
|
Batting: LHB Jordan de Jesus
|
0-0: Ball 1-0: Called Strike 1-1: Ball 2-1: Fielders Choice at 2nd, 6-4 (Groundball, 6, EV 108.1 MPH)
|
| Bottom of the 9th over - 0 runs, 1 hit, 0 errors, 1 left on base; Toronto 5 - New York 1 |
|